[Event "HWT 2010"]
[Site "Berlin"]
[Date "2010.01.08"]
[Round "1"]
[White "Müller, Johannes"]
[Black "Reichenbach, Werner"]
[Result "0-1"]
[ECO "B07"]
[WhiteElo "1807"]
[BlackElo "2188"]
[PlyCount "60"]
[TimeControl "40/7200:0/0:0/0"]

{69MB, NAME-CD5FDA878D} 1. e4 d6 2. d4 Nf6 3. Bd3 g6 4. Ne2 c5
5. c3 cxd4 6. cxd4 Bg7 7. O-O Nc6 8. Nbc3 O-O 9. h3 d5 10. e5 Ne8 11. Be3 Nb4
12. Bb1 Nc7 13. a3 Nc6 14. f4 e6 15. g4 f6 16. Kh2 Bd7 17. Bd3 Rc8 18. Rc1 Ne7
19. Ng3 Nc6 20. b4 fxe5 21. fxe5 Rxf1 22. Qxf1 Qh4 23. Qg2 Bh6 24. Qd2 Nxd4 25.
Rf1 Bxe3 26. Qxe3 Nc6 27. b5 Nd8 28. Qc5 Nf7 29. Rf6 Nxe5 30. Qe7 Nxg4+ 0-1

[Event "HWT 2010"]
[Site "Berlin"]
[Date "2010.01.08"]
[Round "1"]
[White "Lenz, Tobias"]
[Black "Pfeffer, Ruprecht"]
[Result "0-1"]
[ECO "B22"]
[WhiteElo "1800"]
[BlackElo "2172"]
[PlyCount "106"]
[TimeControl "40/7200:0/0:0/0"]

{69MB, NAME-CD5FDA878D} 1. e4 c5 2. c3 d5 3. exd5 Qxd5 4. Nf3
Nc6 5. Na3 Bg4 6. Be2 e5 7. O-O e4 8. Ne1 Bxe2 9. Qxe2 O-O-O 10. f3 f5 11. fxe4
Qxe4 12. Qf2 g6 13. d3 Qg4 14. h3 Qh5 15. Bf4 Nf6 16. Nc4 Nd5 17. Bh2 Nb6 18.
Ne5 Nxe5 19. Bxe5 Rg8 20. Bh2 Nd5 21. Nc2 b6 22. Rae1 Bd6 23. Bxd6 Rxd6 24. Re5
Rgd8 25. d4 Nf6 26. Ree1 Ne4 27. Qf4 Rd5 28. Rf3 g5 29. Qc1 g4 30. Rfe3 gxh3
31. Rxh3 Qg6 32. Qh6 Ng5 33. Qh5 Nxh3+ 34. Qxh3 h5 35. Ne3 Re8 36. Kf2 Rd7 37.
Qf3 Kb8 38. Qf4+ Qd6 39. Qf3 Qh6 40. d5 Qg5 41. c4 h4 42. Nf1 Rxe1 43. Kxe1
Qc1+ 44. Kf2 Qxb2+ 45. Kg1 Qd4+ 46. Kh2 Qxc4 47. Ne3 Qe4 48. Qf2 Qe5+ 49. Kg1
Qg3 50. Qxf5 Qxe3+ 51. Kh2 Qg3+ 52. Kg1 h3 53. Kf1 h2 0-1

[Event "HWT 2010"]
[Site "Berlin"]
[Date "2010.01.08"]
[Round "1"]
[White "Lüders, Gerhard"]
[Black "Sander, Dirk"]
[Result "1-0"]
[ECO "A06"]
[WhiteElo "2162"]
[BlackElo "1783"]
[PlyCount "71"]
[TimeControl "40/7200:0/0:0/0"]

{69MB, NAME-CD5FDA878D} 1. Nf3 Nf6 2. b3 d5 3. Bb2 e6 4. c4 c5
5. cxd5 exd5 6. d4 b6 7. e3 Be7 8. Ne5 O-O 9. Bd3 Bb7 10. O-O Nbd7 11. Nd2 Ne4
12. Nxe4 dxe4 13. Bc4 Nxe5 14. dxe5 Qxd1 15. Rfxd1 Rfd8 16. e6 f6 17. a4 Rxd1+
18. Rxd1 Kf8 19. Rd7 Bc6 20. Rc7 Be8 21. g4 Bd8 22. Rb7 Rc8 23. Rxa7 Rc7 24.
Ra8 Ke7 25. g5 Bc6 26. gxf6+ gxf6 27. Bxf6+ Kxf6 28. Rxd8 Ke7 29. Rb8 Rb7 30.
Rg8 Kd6 31. Rf8 b5 32. axb5 Bxb5 33. Rf7 Bc6 34. Kg2 Rxf7 35. exf7 Ke7 36. Kg3
1-0

[Event "HWT 2010"]
[Site "Berlin"]
[Date "2010.01.08"]
[Round "1"]
[White "Kasper, Mike"]
[Black "Gebigke, Martin"]
[Result "0-1"]
[ECO "B09"]
[WhiteElo "1774"]
[BlackElo "2138"]
[PlyCount "64"]
[TimeControl "40/7200:0/0:0/0"]

{69MB, NAME-CD5FDA878D} 1. e4 d6 2. d4 Nf6 3. Nc3 g6 4. f4 Bg7
5. Nf3 O-O 6. Bc4 Nxe4 7. Nxe4 d5 8. Bd3 dxe4 9. Bxe4 c5 10. d5 Nd7 11. c4 b5
12. O-O Bb7 13. cxb5 Nf6 14. Bc2 Nxd5 15. Ne5 Qc7 16. Nc4 Rad8 17. Qg4 Nb4 18.
Bb3 Bc8 19. Qe2 Bf5 20. Ne5 Rd6 21. g4 Bd3 22. Nxd3 Nxd3 23. Be3 c4 24. Bc2
Nxb2 25. Rab1 Rfd8 26. f5 Nd3 27. fxg6 hxg6 28. Rf3 Re6 29. Rbf1 Bd4 30. Kh1
Qb7 31. Bxd3 Rxe3 32. Bxc4 Rxe2 0-1

[Event "HWT 2010"]
[Site "Berlin"]
[Date "2010.01.08"]
[Round "1"]
[White "Welz, Dr. Peter"]
[Black "Gehrke, Karsten"]
[Result "1-0"]
[ECO "B22"]
[WhiteElo "2066"]
[BlackElo "1772"]
[PlyCount "133"]
[TimeControl "40/7200:0/0:0/0"]

{69MB, NAME-CD5FDA878D} 1. e4 e6 2. d4 c5 3. c3 b6 4. Bd3 Bb7
5. Ne2 Nc6 6. O-O cxd4 7. cxd4 Nf6 8. Nbc3 d6 9. a3 Be7 10. b4 a6 11. Bb2 O-O
12. Rc1 Rc8 13. Bb1 e5 14. d5 Nb8 15. f4 Nbd7 16. f5 Ng4 17. Qd3 Bg5 18. Rce1
Be3+ 19. Kh1 Nf2+ 20. Rxf2 Bxf2 21. Rf1 Bh4 22. Qh3 Bg5 23. Ng1 Bd2 24. Nce2
Qg5 25. Nf3 Qe3 26. Neg1 Nf6 27. Rd1 Bxb4 28. axb4 Qb3 29. Rd2 Qxb4 30. Qh4 Rc4
31. Bd3 Nxe4 32. Re2 Bxd5 33. Bxc4 Qxc4 34. Qe1 Nf6 35. Ba3 Rd8 36. Qd1 b5 37.
Rc2 Qa4 38. Qc1 Bc4 39. Bb2 Qa5 40. h3 Qb6 41. Qe1 a5 42. Bc3 a4 43. Ba5 Qb8
44. Bxd8 Qxd8 45. Rd2 Qc7 46. Rc2 a3 47. Qa1 Ne4 48. h4 Qd7 49. Qxa3 Ng3+ 50.
Kh2 Nf1+ 51. Kh3 Qxf5+ 52. g4 Qc8 53. Rxc4 bxc4 54. Kg2 Qxg4+ 55. Kxf1 h5 56.
Qxd6 e4 57. Qd8+ Kh7 58. Ng5+ Kg6 59. Qd4 Qxh4 60. Nxe4 Qf4+ 61. Ke2 f5 62.
Qb6+ Kh7 63. Nf2 Qe5+ 64. Kf1 Qa1+ 65. Kg2 Qe5 66. Nf3 Qd5 67. Nh3 1-0

[Event "HWT 2010"]
[Site "Berlin"]
[Date "2010.01.08"]
[Round "1"]
[White "Costello, Colin"]
[Black "Arnold, René"]
[Result "1-0"]
[ECO "A37"]
[WhiteElo "1917"]
[BlackElo "1689"]
[PlyCount "39"]
[TimeControl "40/7200:0/0:0/0"]

{69MB, NAME-CD5FDA878D} 1. c4 c5 2. Nc3 Nc6 3. Nf3 g6 4. g3
Bg7 5. Bg2 e6 6. O-O Nge7 7. d4 Nxd4 8. Nxd4 cxd4 9. Nb5 Qb6 10. e3 O-O 11.
Nxd4 Rd8 12. b3 d5 13. Ba3 Nf5 14. Nxf5 exf5 15. Bxd5 Bxa1 16. Qxa1 Be6 17. Bg2
Rd7 18. Qe5 Qd8 19. Bb2 Kf8 20. Qh8+ 1-0

[Event "HWT 2010"]
[Site "Berlin"]
[Date "2010.01.08"]
[Round "1"]
[White "Nietsch, Horst"]
[Black "Bandsom, Olaf"]
[Result "1-0"]
[ECO "A04"]
[WhiteElo "1910"]
[BlackElo "1657"]
[PlyCount "77"]
[TimeControl "40/7200:0/0:0/0"]

{69MB, NAME-CD5FDA878D} 1. Nf3 Nc6 2. g3 b6 3. Bg2 Bb7 4. d4
d5 5. O-O e6 6. b3 Bd6 7. Bb2 Nf6 8. Nbd2 O-O 9. Re1 Re8 10. Ne5 Nd7 11. f4 f6
12. Nxc6 Bxc6 13. e4 dxe4 14. Nxe4 Bxe4 15. Bxe4 Rb8 16. Qd3 Nf8 17. Bc6 Re7
18. Qa6 Ng6 19. Rad1 Rf7 20. f5 Ne7 21. fxe6 Rf8 22. Be4 f5 23. Bg2 f4 24. gxf4
Bxf4 25. Qe2 Qd6 26. Be4 Rf6 27. h3 Nf5 28. Bxf5 Rxf5 29. e7 Re8 30. Qc4+ Kh8
31. Re6 Bh2+ 32. Kh1 Qg3 33. Qc6 Qf3+ 34. Qxf3 Rxf3 35. Kxh2 Rf2+ 36. Kg1 Rxc2
37. Rf1 Kg8 38. Ba3 Rxa2 39. Rf8+ 1-0

[Event "HWT 2010"]
[Site "Berlin"]
[Date "2010.01.08"]
[Round "1"]
[White "Wendt, Rüdiger"]
[Black "Beran, Rolf-Dietrich"]
[Result "0-1"]
[ECO "A46"]
[WhiteElo "1654"]
[BlackElo "1895"]
[PlyCount "118"]
[TimeControl "40/7200:0/0:0/0"]

{69MB, NAME-CD5FDA878D} 1. d4 c5 2. Nf3 Nf6 3. c3 e6 4. Bg5
Be7 5. Nbd2 b6 6. e4 Bb7 7. Bd3 O-O 8. O-O d6 9. Qc2 h6 10. Bf4 Nc6 11. h3 Rc8
12. dxc5 dxc5 13. Bh2 Re8 14. Nc4 b5 15. Ne3 c4 16. Be2 Qb6 17. Rad1 Red8 18.
b3 cxb3 19. axb3 Bc5 20. Rxd8+ Rxd8 21. e5 Nd7 22. Nd1 a5 23. Nb2 Nf8 24. c4
Nb4 25. Qb1 Bxf3 26. Bxf3 Rd2 27. Bg3 Bd4 28. Nd1 Ng6 29. Be4 Bxe5 30. Bxe5
Nxe5 31. Qc1 Rd4 32. Bb1 bxc4 33. bxc4 Rxc4 34. Qd2 Rc8 35. Ne3 Rd8 36. Qc3
Nec6 37. Rc1 Qd4 38. Qb3 Qe5 39. Nc4 Qg5 40. Ne3 Nd4 41. Qb2 e5 42. Rc5 Rb8 43.
Be4 Qe7 44. Rc4 g6 45. Kh1 Qd6 46. f4 Nbc6 47. Qd2 exf4 48. Rxc6 Qe5 49. Ng4
Qg7 50. Rd6 Ne6 51. Bd5 h5 52. Bxe6 hxg4 53. Bxg4 Rb1+ 54. Kh2 Kh7 55. Qxa5 Ra1
56. Qg5 Qc3 57. Qxf4 Ra7 58. Bd7 Qb3 59. Qh4+ Kg7 {(ZÜ)} 0-1

[Event "HWT 2010"]
[Site "Berlin"]
[Date "2010.01.08"]
[Round "1"]
[White "Geldner, Gerrit"]
[Black "Hall, Oliver"]
[Result "0-1"]
[ECO "B94"]
[WhiteElo "1311"]
[BlackElo "1586"]
[PlyCount "106"]
[TimeControl "40/7200:0/0:0/0"]

{69MB, NAME-CD5FDA878D} 1. e4 c5 2. Nf3 d6 3. d4 cxd4 4. Nxd4
Nf6 5. Nc3 a6 6. Bg5 e5 7. Nf3 Be7 8. h3 Be6 9. Be2 Nc6 10. O-O O-O 11. Qd2 Qc7
12. Rad1 Rfd8 13. Bxf6 Bxf6 14. a3 Rac8 15. Nd5 Bxd5 16. exd5 Nd4 17. c3 Nb3
18. Qd3 Nc5 19. Qc2 Re8 20. Nd2 e4 21. Bg4 Rcd8 22. Rfe1 e3 23. fxe3 Bg5 24.
Nc4 Ne4 25. Qd3 b5 26. Nd2 Nxd2 27. Rxd2 Qc5 28. Rde2 Re5 29. Bf3 Bh4 30. Rf1
Rde8 31. Kh1 Rxe3 32. Rxe3 Qxe3 33. Qxe3 Rxe3 34. Rc1 Re1+ 35. Rxe1 Bxe1 36.
Kg1 Bd2 37. Bg4 Bc1 38. Bc8 a5 39. Ba6 Bxb2 40. Bxb5 Bxa3 41. Kf2 f5 42. Bd7 g6
43. Kf3 Kg7 44. g4 fxg4+ 45. hxg4 Bb2 46. c4 Ba3 47. g5 h6 48. gxh6+ Kxh6 49.
Kg4 Kg7 50. Ba4 Kf6 51. Bc2 Bc1 52. Bd3 a4 53. Bb1 Ke5 0-1